 Dungeon Crawl Stone Soup version 0.30.1-11-g7821555f0a (webtiles) character file.

Game seed: 7271650589664507413

191 KittyFluff the Trooper (level 5, -1/51 HPs)
             Began as a Gargoyle Berserker on Nov 12, 2023.
             Was a Believer of Trog.
             Slain by a black bear (2 damage)
             ... on level 4 of the Dungeon.
             The game lasted 00:10:39 (3042 turns).

KittyFluff the Trooper (Gargoyle Berserker)         Turns: 3042, Time: 00:10:40

Health: -1/51      AC:  9    Str: 23    XL:     5   Next: 70%
Magic:  5/5        EV: 12    Int:  7    God:    Trog [**....]
Gold:   195        SH:  0    Dex:  9    Spells: 4/4 levels left

rFire   . . .        a - +0 mace
rCold   . . .        (no shield)
rNeg    + . .        s - +0 leather armour
rPois   ∞            (no helmet)
rElec   +            (no cloak)
rCorr   .            c - +0 pair of gloves
SInv    .            e - +0 pair of boots
Will    .....        (no amulet) Stlth
                     (no ring)
HPRegen 0.28/turn    (no ring)
MPRegen 0.09/turn

%: no passive effects
@: berserking, very quick
A: sickness immunity, AC +4, negative energy resistance 1, electricity
resistance, torment resistance 1, petrification resistance
a: Renounce Religion, Berserk, Trog's Hand


You were on level 4 of the Dungeon.
You worshipped Trog.
Trog was pleased with you.
You visited 1 branch of the dungeon, and saw 4 of its levels.

You collected 195 gold pieces.

Inventory:

Hand Weapons
 a - a +0 mace (weapon)
 d - a +0 sling
Missiles
 n - 3 boomerangs (quivered)
 u - 2 poisoned darts
Armour
 c - a +0 pair of gloves (worn)
 e - a +0 pair of boots (worn)
 s - a +0 leather armour (worn)
Jewellery
 o - a ring of protection from fire
Scrolls
 f - a scroll of poison {unknown}
 j - a scroll of teleportation {unknown}
 m - a scroll of amnesia {unknown}
 q - a scroll of butterflies {unknown}
 t - a scroll of magic mapping {unknown}
Potions
 b - a potion of degeneration {unknown}
 g - 2 potions of curing
 h - a potion of might
 i - a potion of attraction
 k - 2 potions of lignification
 l - 4 potions of flight
 p - a potion of berserk rage
 r - a potion of heal wounds {unknown}


   Skills:
 + Level 4.4 Fighting
 + Level 4.0 Maces & Flails
 + Level 3.6 Armour
 + Level 2.6 Dodging


You had 4 spell levels left.
You didn't know any spells.
Your spell library was empty.

Dungeon Overview and Level Annotations

Branches:
Dungeon (4/15)
 Temple: D:4-7

Altars:
Qazlal
Wu Jian

Shops:
D:1 ?


Innate Abilities, Weirdness & Mutations

You are immune to sickness and miasma.
Your stone body is resilient. (AC +4)
You are immune to poison.
You resist negative energy. (rN+)
You are resistant to electric shocks. (rElec)
You are resistant to unholy torment.
You are immune to petrification.


Message History

The black bear barely misses you. The black bear completely misses you.
The black bear claws you.
You hit the black bear but do no damage.
The black bear is lightly wounded.
The black bear barely misses you. The black bear closely misses you.
The black bear claws you.
You hit the black bear.
The black bear is moderately wounded.
The black bear bites you. The black bear claws you.
The black bear barely misses you.
You completely miss the black bear.
The black bear is moderately wounded.
The black bear bites you.
The black bear claws you but does no damage. x2
You barely miss the black bear.
The black bear is moderately wounded.
The black bear bites you but does no damage.
The black bear barely misses you. The black bear misses you.
You hit the black bear but do no damage.
The black bear is moderately wounded.
The black bear bites you. The black bear claws you.
* * * LOW HITPOINT WARNING * * *
The black bear misses you. x2; The black bear completely misses you.
The black bear closely misses you.
You hit the black bear.
The black bear is moderately wounded.
The black bear barely misses you. The black bear closely misses you.
The black bear claws you.
* * * LOW HITPOINT WARNING * * *
You hit the black bear.
The black bear is heavily wounded.
The black bear bites you.
* * * LOW HITPOINT WARNING * * *
The black bear claws you.
* * * LOW HITPOINT WARNING * * *
The black bear barely misses you.
A red film seems to cover your vision as you go berserk!
You feel yourself moving faster!
You feel mighty! The black bear closely misses you. The black bear claws you.
You die...

#. #.#.#.#.. #.
#.......# . #.#.#.#.#
#.......# ## #.#.#.#.
. #...... #. #....#
#. #h@# #. ####.####
########### #.......#
#.......# #.##.##.#
#.#####.#
#.##.##.###.#####.###
#.##........##.......
#.#####.##.....##.###
#.......###.#####.# #
######### #.......# #


You could see a black bear.

Vanquished Creatures
  A phantom (D:4)
  2 iguanas
  An adder (D:4)
  A worm (D:2)
  A dart slug (D:2)
  An orc (D:3)
  4 ball pythons
  8 endoplasms
  7 goblins
  2 hobgoblins (D:1)
  3 jackals (D:1)
  4 kobolds
  4 quokkas
  2 bats
  3 frilled lizards
  5 rats (D:2)
49 creatures vanquished.

Notes
Turn   | Place    | Note
-------+----------+-------------------------------------------
     0 | D:1      | KittyFluff the Gargoyle Berserker began the quest for the
                  | Orb.
     0 | D:1      | Reached XP level 1. HP: 14/14 MP: 1/1
   126 | D:1      | Found a faded altar of an unknown god.
   173 | D:1      | Reached XP level 2. HP: 19/19 MP: 2/2
   254 | D:1      | Found Poydgh's Magic Scroll Emporium.
   878 | D:2      | Reached XP level 3. HP: 23/23 MP: 3/3
  1004 | D:2      | Reached ** piety under Trog
  1111 | D:2      | Found an ornate altar of the Wu Jian Council.
  1949 | D:3      | Found a stormy altar of Qazlal.
  2217 | D:3      | Reached XP level 4. HP: 12/29 MP: 4/4
  2700 | D:4      | Noticed a phantom
  2715 | D:4      | Killed a phantom
  2716 | D:4      | Reached XP level 5. HP: 11/34 MP: 5/5
  3030 | D:4      | Noticed a black bear
  3041 | D:4      | HP: 1/34 [black bear (3)]
  3042 | D:4      | Slain by a black bear

Illustrated notes

Levels and vault maps discovered:
D:1:      sevenhm_arrival_forest_fort_small_6, layout_loops_ring,
          shapermc_ecumenical_altar_mp_highgroup, serial_shops,
          nicolae_shop_peninsula, fountainhead
D:2:      layout_loops_corners, basic_altar, serial_park_tiny_2,
          minmay_heptomino_l4
D:3:      layout_basic, mainiacjoe_overflow_boulevard
D:4:      layout_loops_cross, minmay_temple_entry_mist, serial_glass,
          glass_columns_b, glass_columns_a, nicolae_shop_clearance,
          uniq_menkaure, uniq_eustachio, uniq_ijyb

Skill      XL: |  1  2  3  4 |
---------------+-------------+-----
Dodging        | 2 |  2.6
Armour         | 3 |  3.6
Fighting       | 4 |  4.4
Maces & Flails | 4 |  4.0

Action                     |  1- 3 |  4- 6 || total
---------------------------+-------+-------++-------
  Melee: Mace              |   160 |    53 ||   213
         Punch             |     1 |     2 ||     3
 Invoke: Berserk           |       |     1 ||     1
    Use: Scroll            |     5 |     1 ||     6
 Armour: Animal skin       |    59 |       ||    59
         Leather armour    |       |    25 ||    25
  Dodge: Dodged            |   104 |    47 ||   151
